 Dungeon Crawl Stone Soup version 0.29.1-12-g30fa7ad0bf (webtiles) character file.

Game seed: 12526968229726054966

66425 cheesebisquit the Severer (level 14, -5/132 HPs)
             Began as a Minotaur Berserker on Jan 9, 2023.
             Was a High Priest of Trog.
             Slain by an orc warrior
             ... wielding a +0 vampiric glaive
              (16 damage)
             ... on level 2 of the Orcish Mines.
             The game lasted 01:27:36 (18744 turns).

cheesebisquit the Severer (Minotaur Berserker)     Turns: 18744, Time: 01:27:37

Health: -5/132     AC: 19    Str: 26    XL:     14   Next: 79%
Magic:  13/13      EV:  7    Int:  4    God:    Trog [*****.]
Gold:   746        SH: 12    Dex: 11    Spells: 13/13 levels left

rFire   + . .      SeeInvis .   p - +1 war axe (elec)
rCold   . . .      Faith    .   P - +0 kite shield
rNeg    . . .      Spirit   .   u - +0 plate armour
rPois   +          Reflect  .   (helmet restricted)
rElec   .          Harm     .   v - +0 cloak
rCorr   .          Rampage  .   Q - +0 pair of gloves
Will    +....                   (no boots)
Stlth   ..........              k - amulet of regeneration
HPRegen 1.12/turn               q - ring of poison resistance
MPRegen 0.13/turn               G - ring of protection from fire

@: on berserk cooldown, slowed, very slow
A: horns 2, retaliatory headbutt
a: Renounce Religion, Berserk, Trog's Hand, Brothers in Arms


You were on level 2 of the Orcish Mines.
You worshipped Trog.
Trog was extremely pleased with you.
You visited 3 branches of the dungeon, and saw 19 of its levels.
You also visited: Trove.

You collected 1680 gold pieces.
You spent 934 gold pieces at shops.

Inventory:

Hand Weapons
 b - a +2 vorpal morningstar
 p - a +1 war axe of electrocution (weapon)
 U - a +0 sling
Missiles
 c - 173 stones (quivered)
 w - 2 curare-tipped darts
 x - 36 poisoned darts
 L - a throwing net
Armour
 u - a +0 plate armour (worn)
 v - a +0 cloak (worn)
 P - a +0 kite shield (worn)
 Q - a +0 pair of gloves (worn)
Jewellery
 d - the amulet of the Endless Expanse {Acrobat *Corrode Will+ Regen+ Slay+6}
   (You found it in a treasure trove)

   [amulet of the acrobat]

   It increases your evasion while moving and waiting.
   Slay:      It affects your accuracy & damage with ranged weapons and melee
   (+6).
   Regen:     It increases your rate of health regeneration.
   *Corrode:  It may corrode you when you take damage.
   Will:      It increases your willpower.
 e - a ring of protection from cold
 k - an amulet of regeneration (around neck)
 q - a ring of poison resistance (left hand)
 G - a ring of protection from fire (right hand)
 K - a ring of protection from cold
 R - the necklace of Bloodlust {*Rage Will++ Int-3 Slay+6}
   (You found it on level 9 of the Dungeon)

   [amulet of nothing]

   It extends the wearer's berserk rage when killing foes.
   Int:       It affects your intelligence (-3).
   Slay:      It affects your accuracy & damage with ranged weapons and melee
   (+6).
   *Rage:     It berserks you when you make melee attacks (+50% chance).
   Will:      It greatly increases your willpower.
 S - a ring of resist corrosion
 T - a +6 ring of strength
 V - the ring of the Sun {*Slow rElec rPois rN+++ rCorr}
   (You found it in a treasure trove)

   [ring of resist corrosion]

   rElec:     It insulates you from electricity.
   rPois:     It protects you from poison.
   rN:        It renders you almost immune to negative energy.
   rCorr:     It protects you from acid and corrosion.
   *Slow:     It may slow you when you take damage.
 X - an amulet of the acrobat
 Y - a +4 ring of protection
Wands
 D - a wand of charming (21)
 I - a wand of mindburst (33)
 N - a wand of iceblast (6)
 Z - a wand of acid (4)
Scrolls
 h - 4 scrolls of blinking
 m - 3 scrolls of identify
 n - 2 scrolls of vulnerability
 r - 3 scrolls of silence
 s - 6 scrolls of teleportation
 t - 4 scrolls of magic mapping
 y - 4 scrolls of poison
 A - 4 scrolls of fog
 B - 5 scrolls of fear
 M - a scroll of enchant armour
 O - 2 scrolls of enchant weapon
Potions
 f - a potion of resistance
 g - 4 potions of lignification
 i - 4 potions of attraction
 j - 16 potions of curing
 l - 5 potions of haste
 o - 4 potions of magic
 z - a potion of cancellation
 C - 4 potions of heal wounds
 E - 3 potions of flight
 F - 7 potions of ambrosia
 J - a potion of invisibility
 W - 3 potions of might


   Skills:
 + Level 14.2 Fighting
 - Level 20.7 Axes
 + Level 14.0 Armour
 - Level 2.4 Dodging
 + Level 13.7 Shields


You had 13 spell levels left.
You didn't know any spells.
Your spell library was empty.

Dungeon Overview and Level Annotations

Branches:
Dungeon (12/15)            Temple (0/1) D:7            Lair (5/5) D:9
  Swamp (0/4) Lair:2        Snake (0/4) Lair:3        Slime (0/5) Lair:5
    Orc (2/2) D:12            Elf (0/3) Orc:2

Altars:
Ashenzari
Dithmenos
Gozag
Hepliaklqana
Makhleb
Nemelex Xobeh
Qazlal
Sif Muna
Wu Jian
Xom
Jiyva

Shops:
D:7 ?   D:8 *

Portals:
Hell: Lair:5

Annotations:
D:4 1 transporter, hawla's ghost, amateur MeFE
D:10 1 transporter
D:12 2 runed translucent doors, Nissa's ghost, journeyman MiFi


Innate Abilities, Weirdness & Mutations

You have a pair of horns on your head.
You reflexively headbutt those who attack you in melee.


Message History

Trog accepts your kill. You block the orc warrior's attack.
Your Armour skill increases to level 14!
You miss the orc warrior. You headbutt the orc warrior.
The orc warrior is lightly wounded.
You slash the orc warrior! You headbutt the orc warrior!
The orc warrior is almost dead.
You block the orc warrior's attack.
The orc warrior unwields a +0 arbalest.
The orc warrior wields a +0 broad axe.
The orc warrior closely misses you.
The orc shoots a bolt.
You block the bolt.
You slice the orc warrior!!
You kill the orc warrior!
Trog accepts your kill.
You are no longer berserk.
You are exhausted.
You feel yourself slow down.
The orc warrior unwields a +0 arbalest.
The orc warrior wields a +0 broad axe.
The orc warrior hits you but does no damage.
The orc warrior hits you from afar with a +0 halberd!
You block the orc warrior's attack. The orc warrior closely misses you.
The orc warrior unwields a +0 arbalest.
The orc warrior wields a +0 great mace.
You block the orc warrior's attack.
The orc warrior hits you with a +0 vampiric glaive!!
The orc warrior completely misses you.
The orc warrior hits you but does no damage.
You block the orc warrior's attack.
The orc warrior hits you from afar with a +0 glaive.
The orc shoots a bolt.
The bolt hits you but does no damage.
Things that are here:
a +0 broad axe; a +0 arbalest; an orc corpse You barely miss the orc warrior.
You completely miss the orc warrior. You slash the orc warrior!
Lightning courses through the orc warrior!
You block the orc warrior's attack.
The orc warrior hits you with a +0 great mace.
You block the orc warrior's attack.
The orc warrior hits you from afar with a +0 glaive!!
* * * LOW HITPOINT WARNING * * *
The orc warrior hits you with a +0 vampiric glaive!
You die...

.#................
................##......
≈......#........###.....
≈≈.....#.........#..<.##
................##......
...............####.#...
≈≈...oo#o.....#.#.###...
≈....oo#....#......###..
....ooo@)...$.....## #..
.....oo#))......)## ##.
......##o)....#.).### ##
.##..##).)..$...)#).#
.......)).......#....#
....................#.#
.......................#
#..........$..........#.
.#......................


You could see 7 orc warriors and 4 orcs.

Vanquished Creatures
  Frances (D:12)
  Kirke (D:12)
  An orc warlord (D:12)
  A dire elephant (Lair:2)
  7 hydras
  A rakshasa (D:12)
  A two-headed ogre (D:10)
  A catoblepas (D:11)
  5 death yaks (Lair:5)
  An orc high priest (Orc:1)
  Nergalle (D:11)
  2 slime creatures (D:12)
  A sixfirhy (Lair:5)
  A deep troll (D:9)
  2 orc knights (Orc:2)
  A wizard (Lair:5)
  2 deep elf pyromancers
  An orc sorcerer (Orc:1)
  A manticore (D:12)
  2 cyclopes
  26 elephants
  8 black mambas
  3 orange demons (Lair:5)
  A gargoyle (D:12)
  7 cane toads
  5 rime drakes
  9 komodo dragons
  A hellwing (Lair:5)
  An ice devil (Lair:5)
  3 trolls
  2 red devils (Lair:5)
  A queen bee (D:10)
  5 polar bears
  A hornet (D:9)
  6 dream sheep (Lair:5)
  16 blink frogs
  A wraith (D:10)
  50 yaks
  A spriggan (Lair:2)
  3 hogs (D:12)
  A vampire (D:10)
  5 wyverns
  2 steam dragons (D:6)
  6 vampire mosquitoes (D:12)
  2 swamp worms (Lair:2)
  An acid dragon (D:11)
  2 wargs (Orc:1)
  4 hell hounds (Lair:5)
  19 water moccasins
  22 orc warriors
  4 black bears
  2 ice beasts
  A sky beast (D:8)
  17 wolves
  6 ogres
  6 centaurs
  4 kobold brigands
  12 bullfrogs
  5 gnoll sergeants
  A scorpion (D:5)
  2 necrophages
  4 wights (D:8)
  25 killer bees (D:10)
  2 electric eels (D:6)
  6 hounds
  2 gnoll boudas (D:7)
  10 orc priests
  A jelly (D:7)
  6 iguanas
  11 orc wizards
  Robin (D:2)
  42 gnolls
  8 adders
  2 worms
  3 dart slugs
  59 orcs
  7 endoplasms
  4 giant cockroaches
  16 goblins
  13 hobgoblins
  13 jackals
  A quokka (D:1)
  9 ball pythons
  3 bats
  7 frilled lizards
  53 kobolds
  8 rats
  12 bushes (D:1)
636 creatures vanquished.

Vanquished Creatures (others)
  A human (D:12)
  An orc warrior (D:12)
  An orc (D:12)
  40 fungi
  42 plants
85 creatures vanquished.

Grand Total: 721 creatures vanquished

Notes
Turn   | Place    | Note
-------+----------+-------------------------------------------
     0 | D:1      | cheesebisquit the Minotaur Berserker began the quest for
                  | the Orb.
     0 | D:1      | Reached XP level 1. HP: 19/19 MP: 0/0
   110 | D:1      | Reached XP level 2. HP: 15/27 MP: 1/1
   139 | D:1      | Reached skill level 4 in Axes
   660 | D:1      | Reached XP level 3. HP: 33/33 MP: 2/2
   714 | D:1      | Found a faded altar of an unknown god.
  1983 | D:2      | Reached skill level 5 in Axes
  1986 | D:2      | Reached ** piety under Trog
  2099 | D:2      | Noticed Robin
  2106 | D:2      | Reached XP level 4. HP: 34/40 MP: 3/3
  2108 | D:2      | Killed Robin
  2366 | D:2      | Reached skill level 6 in Axes
  2623 | D:2      | Reached XP level 5. HP: 20/46 MP: 4/4
  2749 | D:2      | Reached skill level 7 in Axes
  3007 | D:3      | Reached *** piety under Trog
  3046 | D:3      | You fall into a shaft and drop 1 floor!
  3211 | D:3      | Found a stormy altar of Qazlal.
  3225 | D:3      | Reached XP level 6. HP: 44/52 MP: 5/5
  3750 | D:4      | Found a broken altar of Ashenzari.
  3844 | D:4      | Found a transporter.
  3844 | D:4      | Noticed hawla's ghost (amateur MeFE)
  3997 | D:4      | Reached skill level 8 in Axes
  4369 | D:5      | Entered Level 5 of the Dungeon
  4737 | D:5      | Found an opulent altar of Gozag.
  4741 | D:5      | Reached skill level 9 in Axes
  4794 | D:5      | Noticed an ice beast
  4802 | D:5      | Killed an ice beast
  4803 | D:5      | Reached XP level 7. HP: 58/58 MP: 6/6
  4915 | D:5      | Found a shadowy altar of Dithmenos.
  5012 | D:5      | Reached skill level 10 in Axes
  5370 | D:5      | Found a shimmering altar of Xom.
  5524 | D:6      | Noticed a steam dragon
  5550 | D:6      | Killed a steam dragon
  5551 | D:6      | Reached skill level 11 in Axes
  5663 | D:6      | Reached XP level 8. HP: 25/66 MP: 7/7
  5915 | D:6      | Reached skill level 12 in Axes
  6063 | D:6      | Reached **** piety under Trog
  6104 | D:6      | Reached skill level 13 in Axes
  6517 | D:6      | Noticed a deep elf pyromancer
  6526 | D:6      | Killed a deep elf pyromancer
  6527 | D:6      | Reached skill level 14 in Axes
  6527 | D:6      | Reached XP level 9. HP: 71/71 MP: 8/8
  6785 | D:7      | Reached skill level 15 in Axes
  6978 | D:7      | Reached skill level 16 in Axes
  7300 | D:7      | Found Tosalla's Magic Scroll Boutique.
  7336 | D:7      | Bought a scroll of identify for 26 gold pieces
  7336 | D:7      | Bought a scroll of identify for 26 gold pieces
  7336 | D:7      | Bought a scroll of magic mapping for 97 gold pieces
  7336 | D:7      | Bought a scroll of blinking for 97 gold pieces
  7336 | D:7      | Bought 3 scrolls of fear for 156 gold pieces
  7336 | D:7      | Bought a scroll of fear for 52 gold pieces
  7520 | D:7      | Found a staircase to the Ecumenical Temple.
  7631 | D:8      | Found Haegomn's Assorted Antiques.
  7659 | D:8      | Bought a potion of heal wounds for 150 gold pieces
  7771 | D:8      | Reached XP level 10. HP: 15/69 MP: 9/9
  7781 | D:8      | Reached skill level 17 in Axes
  7914 | D:8      | Bought a potion of curing for 90 gold pieces
  7945 | D:8      | Found a hazy altar of Hepliaklqana.
  8400 | D:9      | Found a staircase to the Lair.
  8523 | D:9      | Noticed a deep troll
  8536 | D:9      | Killed a deep troll
  8559 | D:9      | Found the necklace of Bloodlust {*Rage Will++ Int-3 Slay+6}
  8622 | D:9      | Found a shimmering blue altar of Sif Muna.
  8663 | D:9      | Reached skill level 18 in Axes
  8835 | D:9      | Found an ornate altar of the Wu Jian Council.
  9369 | D:10     | Entered Level 10 of the Dungeon
  9456 | D:10     | Reached skill level 19 in Axes
  9579 | D:10     | Noticed a rakshasa
  9580 | D:10     | Noticed a two-headed ogre
  9580 | D:10     | Noticed a cyclops
  9697 | D:10     | Noticed a two-headed ogre
  9703 | D:10     | Killed a two-headed ogre
  9963 | D:10     | Reached XP level 11. HP: 83/83 MP: 10/10
 10027 | D:10     | Reached skill level 20 in Axes
 10323 | D:10     | Found a sparkling altar of Nemelex Xobeh.
 10323 | D:10     | Found a transporter.
 10323 | D:10     | Noticed a deep troll
 10483 | D:11     | Noticed Nergalle
 10492 | D:11     | Noticed a spectral orc warlord
 10500 | D:11     | Killed Nergalle
 10640 | D:8      | Bought a scroll of teleportation for 90 gold pieces
 10773 | D:11     | Noticed a seven-headed hydra
 10782 | D:11     | Killed a seven-headed hydra
 10857 | D:11     | Found a portal to a secret trove of treasure.
 10875 | D:11     | You paid a toll of 5 scrolls of fear to enter a treasure
                  | trove
 10876 | Trove    | Entered a treasure trove
 10885 | Trove    | Identified the ring of the Sun {*Slow rElec rPois rN+++
                  | rCorr}
 10895 | Trove    | Identified the amulet of the Endless Expanse {Acrobat
                  | *Corrode Will+ Regen+ Slay+6}
 10902 | Trove    | Identified the amulet "Gistriho" {Acrobat rN+ Int+2}
 10908 | Trove    | Identified the ring of Quari {Ice rPois rCorr Stlth+}
 11004 | D:11     | Reached skill level 1 in Shields
 11233 | D:11     | Noticed a catoblepas
 11260 | D:11     | Killed a catoblepas
 11261 | D:11     | Reached skill level 5 in Fighting
 11628 | D:8      | Bought a warped platinum ring for 150 gold pieces
 11628 | D:8      | Identified the ring of Spite {Will+ Int+6} (You bought it
                  | in a shop on level 8 of the Dungeon)
 11897 | D:12     | Reached skill level 5 in Armour
 11942 | D:12     | Noticed a rakshasa
 11960 | D:12     | Killed a rakshasa
 11987 | D:12     | Noticed a deep elf pyromancer
 12002 | D:12     | Killed a deep elf pyromancer
 12212 | D:12     | Found a large runed translucent door.
 12212 | D:12     | Found a large runed translucent door.
 12213 | D:12     | Noticed Nissa's ghost (journeyman MiFi)
 12214 | D:12     | Noticed Frances
 12234 | D:12     | HP: 5/136 [Frances/+0 mace (17)]
 12237 | D:12     | HP: 2/136 [Frances/+0 mace (6)]
 12239 | D:12     | Killed Frances
 12240 | D:12     | Reached skill level 5 in Shields
 12240 | D:12     | Reached XP level 12. HP: 3/97 MP: 11/11
 12451 | D:12     | Noticed Kirke
 12473 | D:12     | Killed Kirke
 12885 | D:12     | Found a staircase to the Orcish Mines.
 13106 | Lair:1   | Entered Level 1 of the Lair of Beasts
 14529 | Lair:2   | Reached XP level 13. HP: 95/113 MP: 12/12
 14539 | Lair:2   | Reached skill level 10 in Fighting
 14754 | Lair:2   | Identified the +0 scale mail "Keronnae" {Dex+4 Stlth-}
 14815 | Lair:2   | Reached skill level 10 in Armour
 14845 | Lair:2   | Reached skill level 10 in Shields
 14888 | Lair:2   | Noticed a dire elephant
 14902 | Lair:2   | Killed a dire elephant
 15105 | Lair:2   | Found a staircase to the Swamp.
 15437 | Lair:3   | Found a staircase to the Snake Pit.
 16109 | Lair:4   | Identified the +5 scale mail "Gennab" {rElec rF++ Str-3
                  | Int-4}
 16450 | Lair:5   | Entered Level 5 of the Lair of Beasts
 16474 | Lair:5   | Reached XP level 14. HP: 127/127 MP: 13/13
 16773 | Lair:5   | Found a staircase to the Slime Pits.
 16774 | Lair:5   | Found a viscous altar of Jiyva.
 17480 | Lair:5   | Found a burning altar of Makhleb.
 17735 | Lair:5   | Found a gateway to Hell.
 18159 | Orc:1    | Entered Level 1 of the Orcish Mines
 18199 | Orc:1    | Noticed an orc warlord
 18235 | D:12     | Killed an orc warlord
 18560 | Orc:2    | Entered Level 2 of the Orcish Mines
 18577 | Orc:2    | Reached ***** piety under Trog
 18696 | Orc:2    | Found a staircase to the Elven Halls.
 18727 | Orc:2    | Received a gift from Trog
 18744 | Orc:2    | Slain by an orc warrior

Illustrated notes

Levels and vault maps discovered:
D:1:      lightli_arrival_farm, layout_rooms, serial_forest,
          infiniplex_forest_zigzag_1, infiniplex_forest_clump_medium,
          infiniplex_forest_lined_room_2, infiniplex_forest_lined_room_2,
          infiniplex_forest_join, infiniplex_forest_end_1,
          infiniplex_forest_clump_small, infiniplex_forest_clump_medium,
          infiniplex_forest_lined_2, hellmonk_ecumenical_altar_crossroads
D:2:      layout_basic, minmay_joined_circles, uniq_robin
D:3:      kennysheep_big_flooded_room, layout_basic, overflow_temple_1_default,
          minmay_fractal_squares_diagonal_5
D:4:      layout_gridville, amcnicky_altar_gilded, gammafunk_ghost_smash
D:5:      layout_cave_pods, nicolae_dithmenos_the_darkroom, tgw_xom,
          nicolae_gozag_cash_rules_everything_around_me
D:6:      minmay_goblin_kobold_castle, layout_loops_cross,
          guppyfry_early_elven_hall
D:7:      layout_cave_pools, lemuel_temple_firewalk_b, serial_gnoll_camp,
          gnoll_camp_mini_basic, gnoll_camp_huts_basic, gnoll_camp_mini_shop,
          gnoll_camp_mini_sergeant, gnoll_camp_mini_hut
D:8:      layout_gridville, lemuel_tele_altar, serial_shops,
          nicolae_shop_waterfront
D:9:      layout_loops_corners, mainiacjoe_overflow_six_doors_small,
          mainiacjoe_overflow_brackets, david_lair_generic,
          hellmonk_guarded_unrand_vitality_bloodlust
D:10:     layout_roguey [special_room_bee], grunt_nemelex_the_gamble,
          lightli_corner_chamber
D:11:     layout_roguey, nicolae_trove_entry_free_sample, chequers_mini_garden,
          minivault_10, lightli_orcish_oven, uniq_nergalle
D:12:     layout_loops_ring, david_orc_4, ebering_ghost_disaster_area,
          uniq_kirke, uniq_frances
Lair:1:   layout_regular_city
Lair:2:   mu_elephants_graveyard, layout_long_grid, palyth_hydra_swamp_entry
Lair:3:   layout_cave_shapes, dummy_snake_entry
Lair:4:   layout_gridlike, minmay_holes, serial_bayou_shore_b
Lair:5:   evil_forest, layout_regular_city, slime_entry_1
Orc:1:    layout_caves
Orc:2:    st_orc_rangers, layout_caves, serial_shops, nicolae_shop_statue_plus

Skill      XL: |  1  2  3  4  5  6  7  8  9 10 11 12 13 14 |
---------------+-------------------------------------------+-----
Axes           | 4 5 6 7 9 11 14 16 19 20 | 20.7
Fighting       | 6 9 12 14 | 14.2
Armour         | 6 9 12 14 | 14.0
Shields        | 5 9 11 13 | 13.7
Dodging        | |  2.4

Action                   |  1- 3 |  4- 6 |  7- 9 | 10-12 | 13-15 || total
-------------------------+-------+-------+-------+-------+-------++-------
Melee: Hand axe          |   766 |   168 |    60 |       |       ||   994
       Headbutt          |   259 |    27 |    30 |   120 |   158 ||   594
       Punch             |    18 |     1 |       |       |       ||    19
       War axe           |       |       |   244 |   500 |   630 ||  1374
       Flail             |       |       |       |     5 |       ||     5
       Morningstar       |       |       |       |       |    26 ||    26
Invok: Berserk           |     2 |    10 |    13 |    20 |    21 ||    66
       Trog's Hand       |       |       |     7 |    21 |    19 ||    47
  Use: Scroll            |       |     8 |     7 |    10 |     3 ||    28
       Potion            |       |       |       |       |     1 ||     1
Armor: Animal skin       |     7 |     4 |       |       |       ||    11
       Scale mail        |       |    26 |       |       |       ||    26
       Chain mail        |       |    20 |   114 |    57 |       ||   191
       Plate armour      |       |       |       |   129 |   342 ||   471
Dodge: Dodged            |    29 |    61 |   106 |   129 |   204 ||   529
Block: Buckler           |       |     4 |    27 |       |       ||    31
       Kite shield       |       |       |    13 |   177 |   454 ||   644
